Map: Kairos Junction LE

Players

PartinG

  • Race: Protoss Protoss
  • Spawn Location: 11:00

TRUE - Winner!

  • Race: Zerg Zerg
  • Spawn Location: 5:00

Event: IEM Season 13: Katowice (2019)

VOD

Have the link to the VOD?

Description

Time

  • Played on: Feb. 26, 2019, 4:10 a.m.
  • Length: 4:43

All games in this series

Show
View Real Time Build Order
Export as new Build Order

PartinG Protoss 

Build Orders: 1 Gate Expand 

Get SALT Encoding   

  12  0:00  Probe  
  13  0:12  Probe  
  14  0:18  Pylon  
  14  0:24  Probe  
  14  0:28  Assimilator  
  15  0:33  Probe  
  15  0:42  Probe  
  16  0:43  Gateway  
  17  0:53  Probe  
  18  1:05  Probe  
  19  1:17  Probe  
  20  1:26  Nexus  
  20  1:38  Cybernetics Core  
  20  1:40  Probe  
  20  1:46  Assimilator  
  23  2:04  Pylon  
  15  2:15  Adept  
  15  2:19  Probe  
  12  2:31  Probe  
  12  3:08  Probe  
  10  3:21  Pylon, Probe  
  11  3:30  Probe  
  12  3:36  Probe  
  13  3:41  Probe  
  13  3:46  Probe  
  14  3:53  Probe  
  16  3:57  Probe  
  17  4:07  Probe  
  17  4:08  Probe  
  19  4:16  Probe  
  19  4:24  Probe  
Show
View Real Time Build Order
Export as new Build Order

TRUE Zerg - Winner!

Build Orders: Pool First 

Get SALT Encoding   

  12  0:17  Spawning Pool  
  11  0:21  Drone  
  11  0:27  Drone  
  13  0:31  Drone  
  14  0:41  Overlord  
  14  1:04  Zergling x2  
  14  1:05  Zergling x4  
  17  1:17  Zergling x2  
  18  1:25  Hatchery  
  17  1:29  Zergling x2  
  18  1:37  Zergling x2  
  19  1:48  Zergling x2  
  20  1:56  Queen  
  22  2:06  Zergling x2  
  21  2:17  Zergling x2  
  21  2:20  Zergling x2  
  19  2:30  Zergling x2  
  20  2:39  Queen  
  20  2:41  Drone  
  23  2:55  Drone  
  22  3:03  Drone  
  23  3:10  Drone  
  23  3:12  Drone x2  
  25  3:15  Drone  
  25  3:23  Queen  
  25  3:26  Drone  
  26  3:34  Queen  
  26  3:38  Overlord  
  28  3:43  Overlord  
  28  3:44  Extractor  
  28  3:45  Drone  
  28  3:49  Overlord  
  28  4:00  Zergling x8  
  28  4:01  Drone x2  
  34  4:09  Drone  
  35  4:13  Drone  
  36  4:20  Drone  
  36  4:23  Drone x2  
  38  4:24  Drone  
  38  4:27  Spore Crawler  
  38  4:31  Drone  

Tags
 
Add a new tag
Caveats
  • Supply blocks, unpowered buildings, or Contaminate may cause inaccurate times.
  • Supply counts are checked every 10 seconds.